AoeStats
← Crazy_Owl

Arena

509362477Analyzed
1v1 RM · 6d ago on Sep 26, 2026· 32m 59s· 2 players
Game mode
Random Map
Map size
Tiny (2 player)
Population
200
Speed
Normal
Resources
Standard
Victory
Conquest
Starting age
Dark Age
Ending age
Imperial Age
RankedLock teamsTeams togetherTeam positionsShared explorationLock speedFull tech treeHidden civsTurbo modeCheats
Victory
Defeat
🇨🇳 Japanese · China
914
+15
🇳🇱 Goths · Netherlands
900
-15
Crazy_Owl
5:45 Loom
11:00 Feudal Age
12:52 Wheelbarrow
15:39 Castle Age
13:48 Double-Bit Axe
14:38 Horse Collar
16:36 Bow Saw
17:49 Man-at-Arms
19:25 Scale Mail Armor
22:22 Long Swordsman
23:38 Fletching
25:25 Heavy Plow
26:06 Forging
mackling
1:33 Loom
11:23 Feudal Age
15:47 Castle Age
14:20 Gold Mining
14:27 Stone Mining
14:32 Double-Bit Axe
20:59 Scale Mail Armor
21:10 Forging
23:15 Gold Mining
Connection lost

Rejoining the realm…

Still unreachable

The connection could not be restored.

Session expired

The server has moved on; the page needs a fresh start.